 Dungeon Crawl Stone Soup version 0.26-a0-651-gb41185065b (webtiles) character file.

Game seed: 1263187783342145116

(classic levelgen) 131534 EnegeticOcto the Severer (level 16, -2/148 HPs)
             Began as a Deep Dwarf Fighter on Oct 7, 2020.
             Was the Champion of Makhleb.
             Slain by a shambling mangrove (9 damage)
             ... while paralysed by a hornet
             ... on level 3 of the Swamp.
             The game lasted 00:13:16 (14592 turns).

EnegeticOcto the Severer (Deep Dwarf Fighter)      Turns: 14592, Time: 00:13:16

Health: -2/148     AC: 16    Str: 24    XL:     16   Next: 25%
Magic:  14/14      EV: -1    Int: 15    God:    Makhleb [******]
Gold:   276        SH:  0    Dex: 14    Spells: 15/15 levels left

rFire    + . .     SeeInvis .   p - +3 war axe of Optimality {drain, rF- MR+++ Str+2}
rCold    + + .     Faith    .   v - +3 tower shield of the Present {Regen+}
rNeg     + + .     Spirit   .   c - +4 plate armour {rN+}
rPois    +         Reflect  +   z - +2 helmet
rElec    .         Harm     .   D - scarf {rC+ rF+}
rCorr    .         Rampage  .   (no gloves)
MR       +++++                  F - +4 pair of boots of Dithmenos's Favour {*Corrode rPois MR+++ Str-4 Dex+2}
Stlth    ..........             q - amulet of reflection
HPRegen  0.00/turn              A - ring of protection from fire
MPRegen  0.14/turn              r - ring "Bulonnug" {rPois rC+ Int+5}

@: paralysed, lethally poisoned (-2 -> -2), grasped by roots, corroded,
non-regenerating, constricted
A: damage resistance, heal wounds, negative energy resistance 1, sense
surroundings 2, no regeneration
}: 1/15 runes: serpentine
a: Heal Wounds, Minor Destruction, Lesser Servant of Makhleb, Major Destruction,
Greater Servant of Makhleb, Renounce Religion


You were on level 3 of the Swamp.
You worshipped Makhleb.
Makhleb was exalted by your worship.
You visited 6 branches of the dungeon, and saw 29 of its levels.

You collected 2010 gold pieces.
You spent 1734 gold pieces at shops.

Inventory:

Hand Weapons
 a - a +1 war axe
 p - the +3 war axe of Optimality (weapon) {drain, rF- MR+++ Str+2}
   (You found it on level 8 of the Dungeon)

   A truly terrible weapon, it drains the life of those it strikes.
   It affects your strength (+2).
   It makes you vulnerable to fire.
   It affects your resistance to hostile enchantments.
Armour
 c - a +4 plate armour of positive energy (worn)
 v - the +3 tower shield of the Present (worn) {Regen+}
   (You found it on level 5 of the Dungeon)

   It increases your rate of regeneration.
 z - a +2 helmet (worn)
 D - a scarf of resistance (worn)
 F - the +4 pair of boots of Dithmenos's Favour (worn) {*Corrode rPois MR+++ Str-4 Dex+2}
   (You bought it in a shop on level 6 of the Dungeon)

   It affects your strength (-4).
   It affects your dexterity (+2).
   It protects you from poison.
   It affects your resistance to hostile enchantments.
   It may corrode you when you take damage.
Jewellery
 q - an amulet of reflection (around neck)
 r - the ring "Bulonnug" (right hand) {rPois rC+ Int+5}
   (You found it on level 8 of the Dungeon)

   [ring of protection from cold]

   It affects your intelligence (+5).
   It protects you from cold.
   It protects you from poison.
 s - an uncursed amulet of guardian spirit {unknown}
 A - a ring of protection from fire (left hand)
Wands
 f - a wand of enslavement (6)
 k - a wand of polymorph (7)
 E - a wand of acid (19) {@v1}
 G - a wand of digging (6) {@v3}
 I - a wand of iceblast (12) {@v2}
 J - a wand of paralysis (10)
Scrolls
 b - 3 scrolls of magic mapping {@r5}
 e - a scroll of fear
 l - 5 scrolls of fog
 n - 7 scrolls of teleportation {@r3}
 t - 8 scrolls of remove curse {@r2}
 u - a scroll of acquirement {unknown}
 y - 4 scrolls of identify {@r1}
 C - 3 scrolls of blinking
 K - a scroll of summoning
Potions
 d - 2 potions of might {@q3}
 g - 9 potions of curing {@q1}
 h - 3 potions of lignification {@q7}
 i - 2 potions of brilliance
 j - 3 potions of haste {@q4}
 m - 2 potions of mutation
 o - 4 potions of flight
 w - 5 potions of heal wounds {@q2}
 x - 2 potions of resistance {@q6}
 B - a potion of invisibility
 H - 2 potions of stabbing {@q5}
Miscellaneous
 L - a box of beasts (3/3)


   Skills:
 + Level 10.8 Fighting
 * Level 16.7 Axes
 + Level 12.6 Armour
 * Level 16.2 Shields
 + Level 13.1 Invocations
 + Level 9.0 Evocations


You had 15 spell levels left.
You didn't know any spells.
Your spell library was empty.

Dungeon Overview and Level Annotations

Branches:
Dungeon (15/15)            Temple (1/1) D:5            Lair (4/6) D:11
  Swamp (3/4) Lair:4        Snake (4/4) Lair:4          Orc (2/2) D:10
    Elf (0/3) Orc:2        Depths (0/5) D:15
 Vaults: D:13-14

Altars:
Ashenzari
Cheibriados
Dithmenos
Elyvilon
Fedhas
Hepliaklqana
Kikubaaqudgha
Makhleb
Nemelex Xobeh
Okawaru
Qazlal
Ru
Sif Muna
Trog
Uskayaw
Vehumet
Wu Jian
Xom
Yredelemnul
Zin
The Shining One

Shops:
D:6 ([(   D:7 =   D:8 *[[(   Orc:1 *   Orc:2 [}*:   Snake:1 [

Portals:
Ice
Cave: Swamp:3

Annotations:
Lair:1 1 runed translucent door, tof's ghost, journeyman MiMo
Lair:2 1 runed translucent door, Xipsemp's ghost, journeyman OgFE
Lair:4 exclusion: oklob plant
Snake:2 2 transporters


Innate Abilities, Weirdness & Mutations

You are resistant to damage.
You can heal yourself by infusing magical energy.
You resist negative energy. (rN+)
You passively map the area around you.
You do not regenerate.


Message History

The 16-headed hydra barely misses you.
The 16-headed hydra bites you but does no damage.
You block the 16-headed hydra's attack. x3
The 16-headed hydra bites you but does no damage. x2
You block the 16-headed hydra's attack. The 16-headed hydra barely misses you.
The 16-headed hydra bites you but does no damage. x3
The 16-headed hydra bites you.
The 16-headed hydra bites you but does no damage.
The hornet barely misses you.
The hornet stings you but does no damage.
You hit the shambling mangrove but do no damage.
The shambling mangrove is almost destroyed.
You chop one of the 16-headed hydra's heads off!
The 15-headed hydra grows two more!
You hit the 17-headed hydra. You drain the 17-headed hydra. You hit the hornet.
You drain the hornet. You hit the hornet. x2
You block the shambling mangrove's attack.
Your corrosive artefact corrodes you!
The grasping roots constrict you! You block the hornet's attack.
The hornet stings you!
The hornet stings you but does no damage.
The 17-headed hydra bites you but does no damage.
You block the 17-headed hydra's attack. x2
The 17-headed hydra bites you but does no damage. x3
You block the 17-headed hydra's attack.
The 17-headed hydra completely misses you.
You block the 17-headed hydra's attack.
The 17-headed hydra bites you but does no damage.
The 17-headed hydra bites you. x2
The 17-headed hydra bites you but does no damage. x3
You block the 17-headed hydra's attack.
The 17-headed hydra bites you but does no damage.
You are too injured to fight recklessly!
You feel much better. You block the hornet's attack. x3
You block the shambling mangrove's attack.
The grasping roots constrict you. The 17-headed hydra barely misses you.
You block the 17-headed hydra's attack. The 17-headed hydra bites you. x2
The 17-headed hydra bites you but does no damage. x2
You block the 17-headed hydra's attack.
The 17-headed hydra completely misses you.
The 17-headed hydra bites you but does no damage. x6
The 17-headed hydra bites you. x3
You barely miss the shambling mangrove.
The shambling mangrove is almost destroyed.
You hit the 17-headed hydra but do no damage.
You drain the 17-headed hydra. You closely miss the hornet.
You slash the hornet! You hit the hornet but do no damage.
You block the hornet's attack.
The hornet stings you but does no damage.
You block the hornet's attack. x2
You hit the shambling mangrove but do no damage.
The shambling mangrove is almost destroyed.
You hit the hornet but do no damage. x2; You drain the hornet.
You closely miss the hornet.
You hit the 17-headed hydra but do no damage.
You drain the 17-headed hydra. You block the hornet's attack. x2
You block the 17-headed hydra's attack. x2
The 17-headed hydra bites you but does no damage. x2
The 17-headed hydra bites you.
The 17-headed hydra bites you but does no damage.
The 17-headed hydra completely misses you.
The 17-headed hydra bites you but does no damage. x5
You block the 17-headed hydra's attack. The 17-headed hydra barely misses you.
The 17-headed hydra bites you but does no damage.
You block the 17-headed hydra's attack.
The 17-headed hydra bites you but does no damage.
The shambling mangrove hits you! The grasping roots constrict you.
The hornet barely misses you.
The hornet stings you but does no damage.
The hornet stings you!
You suddenly lose the ability to move!
The hornet stings you but does no damage. x2
The 17-headed hydra bites you but does no damage.
The 17-headed hydra bites you. x2
The 17-headed hydra bites you but does no damage. x9
The 17-headed hydra bites you. The 17-headed hydra bites you!
The 17-headed hydra bites you but does no damage. x3
The hornet stings you but does no damage.
The shambling mangrove hits you!!
* * * LOW HITPOINT WARNING * * *
x2 The grasping roots constrict you!
The hornet stings you but does no damage. x3
The 17-headed hydra bites you but does no damage. x3
The 17-headed hydra bites you.
* * * LOW HITPOINT WARNING * * *
The 17-headed hydra bites you!
* * * LOW HITPOINT WARNING * * *
The 17-headed hydra bites you but does no damage.
The 17-headed hydra bites you.
The 17-headed hydra bites you but does no damage.
The 17-headed hydra bites you!
* * * LOW HITPOINT WARNING * * *
The 17-headed hydra bites you but does no damage.
The 17-headed hydra bites you.
The 17-headed hydra bites you but does no damage. x3
The 17-headed hydra bites you!
* * * LOW HITPOINT WARNING * * *
Your corrosive artefact corrodes you!
The 17-headed hydra bites you but does no damage. x2
The hornet stings you.
The shambling mangrove hits you but does no damage.
You die...

.§≈, ≈, ≈≈ , #≈≈ # , ♣≈.≈
.♣ * .≈♣.#≈≈.. ≈.≈♣.♣♣ *<
,, §...#≈≈.♣ ♣.≈≈..♣♣ .≈
....#...♣♣ ♣≈≈≈...♣..≈ #
#..≈.♣ ♣.≈≈.....≈≈,* ** ,
# #.≈..♣♣ ♣♣....≈≈.≈..>≈
#####.≈≈..♣♣♣.≈yDf..≈≈..,
*, *
.≈......≈.≈♣♣♣≈y@y≈≈..§.
,
.........≈≈≈♣♣≈.♣♣....≈≈
, .♣♣.♣..≈♣≈.♣♣§)♣♣
..♣♣., , ..♣♣♣♣...♣§♣♣≈.♣
,♣♣ **, * .♣ ♣≈≈♣♣..§..♣
* ♣♣ ♣≈♣♣♣♣≈..♣♣ ♣.♣.
♣≈.♣♣ ♣♣ ♣* ♣.♣♣ , ♣♣♣


You could see a shambling mangrove, a 17-headed hydra (drained) and 3 hornets.

Vanquished Creatures
  3 thorn hunters
  6 nagarajas
  3 hydras
  2 ghost crabs
  10 naga warriors
  3 two-headed ogres
  A catoblepas (Lair:3)
  3 centaur warriors
  Erica (D:11)
  2 alligators (Swamp:1)
  2 tengu warriors (D:15)
  12 anacondas
  9 naga sharpshooters
  6 shock serpents
  4 salamander mystics
  A spriggan druid (Swamp:3)
  5 naga ritualists
  3 swamp dragons
  4 lindwurms (Snake:4)
  Pikel (D:5)
  A deep elf mage (D:8)
  8 mana vipers
  2 manticores (D:15)
  3 orc sorcerers
  4 orc knights (Orc:2)
  An oklob plant (Lair:2)
  A cyclops (D:15)
  6 salamanders
  3 centaur zombies
  7 black mambas
  5 guardian serpents (Snake:4)
  17 naga magi
  11 cane toads
  6 komodo dragons
  A rime drake (shapeshifter) (D:15)
  6 rime drakes (Lair:4)
  A polar bear (Lair:4)
  5 trolls
  6 slime creatures (D:15)
  5 bog bodies
  3 blink frogs
  7 hippogriffs
  A shadow (Swamp:2)
  Sigmund (D:5)
  6 wyverns
  10 yaks
  5 basilisks
  A wraith (D:11)
  9 vampire mosquitoes
  5 wargs
  22 nagas
  5 insubstantial wisps (Swamp:3)
  4 swamp worms
  Duvessa (D:5)
  A hell hound (Lair:4)
  8 porcupines
  8 water moccasins
  4 swamp drakes
  34 orc warriors
  4 ice beasts
  4 black bears
  A black bear (shapeshifter) (D:15)
  3 sky beasts
  An eye of draining (D:10)
  A necrophage (D:9)
  2 phantoms
  2 wolves (Lair:2)
  17 centaurs
  11 ogres
  3 crocodiles
  A big kobold (D:10)
  A wyvern zombie (D:15)
  14 bullfrogs
  Dowan (D:5)
  5 scorpions
  8 wights
  4 killer bees (D:9)
  An electric eel (Lair:2)
  4 howler monkeys
  3 lava snakes (Snake:1)
  2 centaur skeletons
  15 orc priests
  6 hounds
  2 jellies
  7 bullfrog skeletons
  24 orc wizards
  5 iguanas
  3 worker ants
  A hound zombie (D:8)
  A hound skeleton (D:5)
  2 howler monkey skeletons
  9 adders
  3 gnolls (D:5)
  A shadow imp (D:5)
  7 white imps
  5 ufetubi
  2 adder skeletons
  An adder zombie (D:7)
  7 leopard geckos
  81 orcs
  2 ball pythons (Snake:1)
  A giant cockroach (D:6)
  A goblin (D:8)
  A hobgoblin (D:1)
  7 jackals
  4 quokkas
  2 frilled lizards
  6 kobolds (D:10)
  A leopard gecko skeleton (D:7)
  A rat (D:2)
  11 briar patches
627 creatures vanquished.

Vanquished Creatures (collateral kills)
  4 hydras
  2 naga warriors (Snake:4)
  A naga sharpshooter (Snake:4)
  A black mamba (Snake:4)
  3 guardian serpents (Snake:4)
  2 naga magi
  A cane toad (Swamp:3)
  A rime drake (Lair:4)
  A hornet (Swamp:1)
  A hippogriff (Lair:4)
  2 blink frogs (Lair:2)
  2 bog bodies
  A spriggan (Swamp:1)
  A vampire (D:9)
  A wyvern (Lair:4)
  3 basilisks (Lair:4)
  A yak (Lair:4)
  5 nagas (Snake:4)
  3 wolves (Lair:2)
  2 crocodiles
  An orc wizard (D:9)
  A worker ant (D:9)
40 creatures vanquished.

Vanquished Creatures (others)
  A thorn hunter (Swamp:3)
  A naga warrior (Snake:4)
  A salamander mystic (Snake:4)
  A naga mage (Snake:4)
  An orc wizard (D:8)
  A briar patch (Swamp:3)
  6 fungi
  15 plants
27 creatures vanquished.

Grand Total: 694 creatures vanquished

Notes
Turn   | Place    | Note
-------+----------+-------------------------------------------
     0 | D:1      | EnegeticOcto the Deep Dwarf Fighter began the quest for the
                  | Orb.
     0 | D:1      | Reached XP level 1. HP: 20/20 MP: 1/1
    84 | D:4      | Found a sparkling altar of Nemelex Xobeh.
    84 | D:4      | Noticed a hound
    98 | D:4      | Killed a hound
    98 | D:4      | Reached XP level 2. HP: 25/28 MP: 2/2
    98 | D:4      | Reached XP level 3. HP: 30/34 MP: 3/3
   312 | D:4      | Reached XP level 4. HP: 35/42 MP: 4/4
   358 | D:5      | Entered Level 5 of the Dungeon
   358 | D:5      | Noticed an ogre
   359 | D:5      | Found a snail-covered altar of Cheibriados.
   371 | D:5      | Killed an ogre
   371 | D:5      | Reached XP level 5. HP: 35/49 MP: 5/5
   713 | D:4      | Found an ornate altar of the Wu Jian Council.
   892 | D:5      | Noticed Pikel
   892 | D:5      | Noticed a lemure
   892 | D:5      | Noticed a lemure
   893 | D:5      | Noticed a lemure
   893 | D:5      | Noticed a lemure
   894 | D:5      | Noticed Sigmund
   895 | D:5      | Noticed an ogre
   908 | D:5      | Killed Pikel
   908 | D:5      | Reached skill level 5 in Armour
   908 | D:5      | Reached skill level 5 in Shields
   908 | D:5      | Reached XP level 6. HP: 36/57 MP: 6/6
   908 | D:5      | Reached XP level 7. HP: 40/64 MP: 7/7
   927 | D:5      | Killed Sigmund
   970 | D:5      | Reached XP level 8. HP: 51/73 MP: 7/7
  1152 | D:5      | Noticed Duvessa
  1153 | D:5      | Noticed Dowan
  1164 | D:5      | Killed Duvessa
  1193 | D:5      | Killed Dowan
  1193 | D:5      | Reached skill level 5 in Fighting
  1333 | D:5      | Got a distressingly furry tower shield
  1343 | D:5      | Identified the +3 tower shield of the Present {Regen+} (You
                  | found it on level 5 of the Dungeon)
  1407 | D:5      | Found a staircase to the Ecumenical Temple.
  1471 | D:5      | Found a hazy altar of Hepliaklqana.
  1511 | Temple   | Entered the Ecumenical Temple
  1516 | Temple   | Became a worshipper of Makhleb the Destroyer
  1766 | D:6      | Reached skill level 1 in Invocations
  1781 | D:6      | Found a shadowy altar of Dithmenos.
  1952 | D:6      | Found Mijeheo's Antique Weapon Emporium.
  2043 | D:6      | Gained mutation: You passively map the area around you.
                  | [Deep Dwarf growth]
  2043 | D:6      | Reached XP level 9. HP: 64/81 MP: 7/7
  2052 | D:6      | Found Fibeub's Antique Armour Shop.
  2100 | D:6      | Found Puaz Toi's Antique Weapon Boutique.
  2165 | D:6      | Reached * piety under Makhleb
  2309 | D:7      | Found Agruwkuog's Jewellery Emporium.
  2393 | D:6      | Bought a pair of encrusted boots for 209 gold pieces
  2398 | D:6      | Identified the +4 pair of boots of Dithmenos's Favour
                  | {*Corrode rPois MR+++ Str-4 Dex+2} (You bought it in a shop
                  | on level 6 of the Dungeon)
  3347 | D:8      | Found a radiant altar of Vehumet.
  3390 | D:8      | Found Qemn's Assorted Antiques.
  3491 | D:8      | Noticed a komodo dragon
  3491 | D:8      | Noticed a deep elf mage
  3509 | D:8      | Killed a komodo dragon
  3523 | D:8      | Killed a deep elf mage
  3569 | D:8      | Got a steaming war axe
  3569 | D:8      | Identified the +3 war axe of Optimality {drain, rF- MR+++
                  | Str+2} (You found it on level 8 of the Dungeon)
  3571 | D:8      | Got a scintillating wooden ring
  3574 | D:8      | Identified the ring "Bulonnug" {rPois rC+ Int+5} (You found
                  | it on level 8 of the Dungeon)
  3761 | D:8      | Reached XP level 10. HP: 91/91 MP: 10/10
  3766 | D:8      | Identified the +8 spear "Brush" {vorpal, Str+2 Dex+2}
  3769 | D:8      | Reached ** piety under Makhleb
  3776 | D:8      | Noticed a centaur warrior
  3788 | D:8      | Killed a centaur warrior
  3788 | D:8      | Reached skill level 10 in Axes
  3788 | D:8      | Reached skill level 5 in Invocations
  3890 | D:8      | Found a blossoming altar of Fedhas.
  4003 | D:8      | Noticed a two-headed ogre
  4014 | D:8      | Killed a two-headed ogre
  4143 | D:8      | Found a glowing silver altar of Zin.
  4250 | D:8      | Found Uskuset's Antique Weapon Shop.
  4260 | D:8      | Found Apsaucw's Armour Boutique.
  4262 | D:8      | Found Jesy's Antique Armour Shoppe.
  4573 | D:9      | Found a white marble altar of Elyvilon.
  4579 | D:9      | Found a hide-covered altar of Uskayaw.
  4627 | D:9      | Reached *** piety under Makhleb
  4832 | D:9      | Reached XP level 11. HP: 95/99 MP: 12/12
  4919 | D:9      | Found an iron altar of Okawaru.
  5034 | D:9      | Reached skill level 10 in Shields
  5450 | D:10     | Entered Level 10 of the Dungeon
  5450 | D:10     | Found a staircase to the Orcish Mines.
  5692 | D:10     | Reached **** piety under Makhleb
  5941 | Orc:1    | Entered Level 1 of the Orcish Mines
  6022 | Orc:1    | Noticed an orc sorcerer
  6035 | Orc:1    | Killed an orc sorcerer
  6040 | Orc:1    | Found Ytaivady's Assorted Antiques.
  6043 | Orc:1    | Bought a scroll labeled BAEVAG DIPSUO for 28 gold pieces
  6043 | Orc:1    | Bought a scroll labeled BAEVAG DIPSUO for 28 gold pieces
  6381 | Orc:2    | Entered Level 2 of the Orcish Mines
  6503 | Orc:2    | Noticed an orc sorcerer
  6516 | Orc:2    | Killed an orc sorcerer
  6542 | Orc:2    | Found a staircase to the Elven Halls.
  6617 | Orc:2    | Noticed an orc knight
  6617 | Orc:2    | Noticed an orc knight
  6618 | Orc:2    | Reached ***** piety under Makhleb
  6618 | Orc:2    | Noticed an orc knight
  6629 | Orc:2    | Noticed a centaur warrior
  6636 | Orc:2    | Killed an orc knight
  6637 | Orc:2    | Found Opotrugg's Assorted Antiques.
  6637 | Orc:2    | Found Qetegyrr's Gadget Emporium.
  6646 | Orc:2    | Killed an orc knight
  6646 | Orc:2    | Killed a centaur warrior
  6646 | Orc:2    | Killed an orc knight
  6646 | Orc:2    | Reached XP level 12. HP: 110/110 MP: 11/13
  6714 | Orc:2    | Found Ubyunurhi's Book Boutique.
  6716 | Orc:2    | Found Fiemn's Antique Armour Shoppe.
  7365 | D:8      | Bought a spiked plate armour for 952 gold pieces
  7375 | D:8      | Identified the cursed +0 plate armour of a bailey {rPois
                  | rC+ MR-} (You bought it in a shop on level 8 of the
                  | Dungeon)
  7624 | D:11     | Noticed a two-headed ogre
  7631 | D:11     | Killed a two-headed ogre
  7634 | D:11     | Noticed Erica
  7648 | D:11     | Killed Erica
  7696 | D:11     | Noticed a two-headed ogre
  7702 | D:11     | Killed a two-headed ogre
  7819 | D:11     | Found a staircase to the Lair.
  7978 | D:11     | Noticed a four-headed hydra
  7998 | D:11     | Killed a 17-headed hydra
  8322 | Lair:1   | Entered Level 1 of the Lair of Beasts
  8378 | Lair:1   | Found a runed translucent door.
  8379 | Lair:1   | Noticed tof's ghost (journeyman MiMo)
  8497 | Lair:1   | Noticed a five-headed hydra
  8513 | Lair:1   | Killed a 13-headed hydra
  8513 | Lair:1   | Reached skill level 10 in Armour
  8880 | Lair:2   | Noticed a five-headed hydra
  8891 | Lair:2   | Killed a ten-headed hydra
  9115 | Lair:2   | Found a runed translucent door.
  9120 | Lair:2   | Noticed Xipsemp's ghost (journeyman OgFE)
  9289 | Lair:2   | Reached XP level 13. HP: 113/118 MP: 15/15
  9940 | Lair:3   | Reached skill level 10 in Invocations
 10409 | Lair:4   | Found a staircase to the Snake Pit.
 10515 | Lair:4   | Reached ****** piety under Makhleb
 10521 | Lair:4   | Reached skill level 1 in Evocations
 10823 | Lair:4   | Found a staircase to the Swamp.
 11304 | D:15     | Entered Level 15 of the Dungeon
 11599 | D:15     | Found a staircase to the Depths.
 12056 | D:8      | Bought a scarf of resistance for 416 gold pieces
 12208 | Orc:2    | Bought a scroll of magic mapping for 101 gold pieces
 12443 | Snake:1  | Entered Level 1 of the Snake Pit
 12450 | Snake:1  | Found Zetoner's Armour Boutique.
 12570 | Snake:1  | Gained mutation: You resist negative energy. (rN+) [Deep
                  | Dwarf growth]
 12570 | Snake:1  | Reached XP level 14. HP: 129/129 MP: 17/17
 12656 | Snake:2  | Found a transporter.
 12656 | Snake:2  | Found a transporter.
 12847 | Snake:3  | Reached skill level 5 in Evocations
 12966 | Snake:3  | Noticed a nagaraja
 12980 | Snake:3  | Killed a nagaraja
 12980 | Snake:3  | Reached skill level 15 in Axes
 12989 | Snake:4  | Entered Level 4 of the Snake Pit
 13249 | Snake:4  | Reached skill level 10 in Fighting
 13296 | Snake:4  | Noticed a nagaraja
 13317 | Snake:4  | Noticed a nagaraja
 13327 | Snake:4  | Killed a nagaraja
 13327 | Snake:4  | Reached skill level 15 in Shields
 13327 | Snake:4  | Reached XP level 15. HP: 89/138 MP: 18/18
 13340 | Snake:4  | Killed a nagaraja
 13418 | Snake:4  | Noticed a nagaraja
 13441 | Snake:4  | Killed a nagaraja
 13456 | Snake:4  | Noticed a nagaraja
 13489 | Snake:4  | Killed a nagaraja
 13564 | Snake:4  | Noticed a nagaraja
 13594 | Snake:4  | Killed a nagaraja
 13672 | Snake:4  | Got a serpentine rune of Zot
 13852 | Swamp:1  | Entered Level 1 of the Swamp
 14092 | Swamp:2  | Noticed a thorn hunter
 14110 | Swamp:2  | Killed a thorn hunter
 14110 | Swamp:2  | Reached XP level 16. HP: 91/148 MP: 18/18
 14206 | Swamp:3  | Found a frozen archway.
 14214 | Swamp:3  | Noticed a thorn hunter
 14227 | Swamp:3  | Killed a thorn hunter
 14270 | Swamp:3  | Noticed a thorn hunter
 14298 | Swamp:3  | Killed a thorn hunter
 14425 | Swamp:3  | Noticed a thorn hunter
 14440 | Swamp:3  | Killed a thorn hunter
 14590 | Swamp:3  | Paralysed by a hornet for 2 turns
 14592 | Swamp:3  | HP: 7/148 [17-headed hydra[a spriggan druid] (4)]
 14592 | Swamp:3  | Slain by a shambling mangrove

Illustrated notes

Levels and vault maps discovered:
D:1:      tarquinn_simple_flora_water_b, layout_basic
D:2:      minmay_skewed_foursquare, layout_loops_cross,
          chequers_ecumenical_altar_lobes, uniq_robin
D:3:      layout_basic, lemuel_coloured_pillars_altar
D:4:      wander_river, layout_cave_pods, nemelex_xobeh_ov_fountains_minmay,
          marbit_many_paths, kennysheep_nondescript
D:5:      layout_rooms, lemuel_crystal_altar, kennysheep_mini,
          minmay_temple_entry_junction_2, minmay_quadrilaterals, uniq_duvessa,
          uniq_sigmund, uniq_pikel
D:6:      layout_basic, old_standard_altar, serial_shops, nicolae_shop_trees,
          shop, shop_fountains
D:7:      layout_layer_cave, serial_shops, shop_coins
D:8:      minmay_the_grid_octo_tiled_octocenter
          [minmay_the_grid_octo_fan_narrow, minmay_the_grid_octo_focus,
          minmay_the_grid_octo_clover, minmay_the_grid_octo_fat_diamond,
          minmay_the_grid_octo_prize_star,
          minmay_the_grid_square_5x5_intrusive_squares,
          minmay_the_grid_square_5x5_one_wall,
          minmay_the_grid_square_5x5_almost_minimal,
          minmay_the_grid_square_5x5_inverted_slash], layout_loops_ring,
          vehumet_altar_wand_db, nicolae_overflow_hidden_temple, serial_shops,
          shop, shop, shop, shop, basic_altar
D:9:      minmay_angry_zag, layout_stronghold, lemuel_doored_altar, minitemple
D:10:     layout_cave_pools, orc_0_dummy
D:11:     layout_loops_ring, grunt_lair_entry_orc_guard_hut, uniq_erica
D:12:     layout_irregular_city, nrook_guardian_serpent_double
D:13:     layout_long_grid, lightli_vaults_fourway_checkpoint, uniq_azrael,
          uniq_erolcha
D:14:     layout_roguey [special_room_orc], serial_rivers,
          chequers_serial_rivers_room_b, chequers_serial_rivers_large_a,
          chequers_serial_rivers_large_b, chequers_serial_rivers_micro_a,
          chequers_serial_rivers_small_a, chequers_serial_rivers_micro_e,
          grunt_decor_one_mirror, serial_shops, nicolae_shop_behind_doors,
          uniq_frances, uniq_nessos
D:15:     hangedman_depths_entry_try_elsewhere_first, layout_loops_ring,
          minivault_26, special_room [special_room_orc]
Temple:   minmay_freezing_vapour_temple
Lair:1:   layout_cave_pods, ebering_ghost_reflecting_pool
Lair:2:   dpeg_oklob_gauntlet, layout_gridlike, ebering_ghost_reflecting_pool
Lair:3:   layout_gridlike, infiniplex_staircase_pool_2
Lair:4:   layout_roguey [special_room_mythical_zoo], swamp_mist_pool,
          dummy_snake_entry, minmay_lair_oklob_chamber, serial_bayou_shore_b,
          grunt_megastairs_4
Swamp:1:  layout_basic_swamp, evilmike_swamp_ruin_house_2
Swamp:2:  gammafunk_worm_tunnel, layout_basic_swamp,
          evilmike_swamp_ruin_rubble_1, uniq_nikola
Swamp:3:  layout_falls_marsh, portal_ice_cave_entry_pillars_three,
          evilmike_swamp_ruin_house_6, swamp_pool4, hangedman_swamp_cone,
          hangedman_swamp_ravenous, uniq_aizul
Snake:1:  layout_chambers, serial_shops, shop_statue, nicolae_snake_lava_pool,
          uniq_roxanne
Snake:2:  layout_gridlike, gammafunk_ghost_abyssal_escape
Snake:3:  layout_basic
Snake:4:  snake_pit_salamanders_mu, layout_onion, drop_trap
Orc:1:    layout_caves, serial_shops, nicolae_shop_behind_doors,
          nooodl_orcs_dogs
Orc:2:    st_orc_rangers, layout_diamond_mine

Skill      XL: |  1  2  3  4  5  6  7  8  9 10 11 12 13 14 15 16 |
---------------+-------------------------------------------------+-----
Fighting       | 3 4 5 6 7 8 9 10 | 10.8
Axes           | 3 4 6 8 9 10 12 13 14 15 16 | 16.7
Armour         | 4 5 6 7 8 9 10 11 12 | 12.6
Shields        | 4 5 6 8 9 11 12 13 15 16 | 16.2
Invocations    | 2 4 6 8 9 10 11 12 13 | 13.1
Evocations     | 3 6 8 9 |  9.0

Action                   |  1- 3 |  4- 6 |  7- 9 | 10-12 | 13-15 | 16-18 || total
-------------------------+-------+-------+-------+-------+-------+-------++-------
Melee: War axe           |    36 |    62 |   363 |   720 |  1103 |   177 ||  2461
Invok: Lesser Servant of |       |       |       |     4 |    10 |     4 ||    18
       Greater Servant o |       |       |       |       |     1 |       ||     1
 Abil: Heal Wounds       |     1 |     3 |    15 |     5 |     9 |     9 ||    42
Evoke: Wand              |       |       |       |     1 |     4 |       ||     5
  Use: Scroll            |       |       |    12 |     9 |    12 |       ||    33
 Stab: Distracted        |       |       |       |     1 |     8 |       ||     9
       Paralysed         |       |       |       |       |     3 |       ||     3
Armor: Scale mail        |    27 |    22 |    15 |       |       |       ||    64
       Chain mail        |       |       |   106 |    25 |       |       ||   131
       Plate armour      |       |       |       |   371 |   632 |   233 ||  1236
Dodge: Dodged            |    14 |    19 |    49 |    94 |   125 |    47 ||   348
Block: Kite shield       |    26 |    25 |   110 |       |       |       ||   161
       Tower shield      |       |       |   297 |  1031 |  1543 |   310 ||  3181
       Reflection        |       |       |    11 |    81 |   158 |    10 ||   260

Table legend: (Time is in decaauts)
 A = Elapsed time spent in this place.
 B = Non-inter-level travel time spent in this place.
 C = Inter-level travel time spent in this place.
 D = Time resting spent in this place.
 E = Time spent auto-exploring this place.
 F = Levels seen in this place.
 G = Mean time per level.
                   A        B        C        D        E       F      G
               +--------+--------+--------+--------+--------+-----+--------+
         Total |  14584 |  12758 |   1826 |     44 |   8712 |  29 |  502.9 |
       Dungeon |   7841 |   6961 |    880 |      0 |   5074 |  15 |  522.7 |
        Temple |     10 |      6 |      4 |      0 |      0 |   1 |   10.0 |
          Lair |   3058 |   2695 |    363 |      0 |   2183 |   4 |  764.5 |
         Swamp |    698 |    686 |     12 |      0 |    328 |   3 |  232.7 |
     Snake Pit |   1251 |   1089 |    162 |     44 |    226 |   4 |  312.8 |
  Orcish Mines |   1723 |   1320 |    403 |      0 |    901 |   2 |  861.5 |
               +--------+--------+--------+--------+--------+-----+--------+

Top non-repeatable levels by time:
     D:8: 1282 daAuts
   Orc:2: 1142 daAuts
     D:9: 1072 daAuts
     D:7: 1005 daAuts
  Lair:3: 913 daAuts
  Lair:4: 907 daAuts
     D:4: 811 daAuts
     D:5: 791 daAuts
    D:11: 744 daAuts
     D:6: 737 daAuts
  Lair:2: 677 daAuts
    D:15: 658 daAuts
 Snake:4: 628 daAuts
   Orc:1: 581 daAuts
    D:10: 565 daAuts
